 Dungeon Crawl Stone Soup version 0.22-a0-617-g6d95e9e (webtiles) character file.

16091 emperorscorpion the Grappler (level 12, -17/92 HPs)
             Began as a Red Draconian Fighter on July 12, 2018.
             Was the Champion of Cheibriados.
             Demolished by an orc knight
             ... wielding a +0 war axe
              (36 damage)
             ... on level 1 of the Orcish Mines.
             The game lasted 00:36:11 (14934 turns).

emperorscorpion the Grappler (DrFi)                Turns: 14934, Time: 00:36:12

Health: -17/92     AC: 11    Str: 36    XL:     12   Next: 7%
Magic:  19/19      EV: 23    Int: 28    God:    Cheibriados [******]
Gold:   872        SH: 17    Dex: 34    Spells: 15/20 levels left

rFire    + + +     SeeInvis .   Q - +5 hunting sling of Biumoime {flame, rF++ Str-5 Int+3}
rCold    . . .     Gourm    .   O - +1 shield
rNeg     . . .     Faith    .   (armour unavailable)
rPois    .         Spirit   .   (helmet restricted)
rElec    .         Reflect  .   (no cloak)
rCorr    .         Harm     .   (no gloves)
MR       .....                  m - +2 pair of boots
Stlth    +++.......             (no amulet)
HPRegen  0.25/turn              v - +6 ring of dexterity
MPRegen  0.16/turn              S - +6 ring of strength

@: short of breath, very slow
A: breathe fire, unfitting armour, fire resistance 1, cold-blooded, AC +8
a: Breathe Fire, Bend Time, Temporal Distortion, Slouch, Step From Time,
Renounce Religion


You were on level 1 of the Orcish Mines.
You worshipped Cheibriados.
Cheibriados was exalted by your worship.
You were hungry.

You visited 4 branches of the dungeon, and saw 16 of its levels.
You also visited: Sewer and Ossuary.

You collected 872 gold pieces.

Inventory:

Hand Weapons
 a - a +0 hand crossbow
 Q - the +5 hunting sling of Biumoime (weapon) {flame, rF++ Str-5 Int+3}
   (You found it on level 11 of the Dungeon)

   It causes projectiles fired from it to burn those they strike, causing extra
   injury to most foes and up to half again as much damage against particularly
   susceptible opponents.
   It affects your strength (-5).
   It affects your intelligence (+3).
   It greatly protects you from fire.
Missiles
 e - 353 stones (quivered)
 h - 92 sling bullets
 j - 339 arrows
 k - 101 bolts
 q - 10 tomahawks
 G - 8 curare-tipped needles
 N - 31 poisoned needles
 V - a throwing net
Armour
 m - a +2 pair of boots (worn)
 O - a +1 shield (worn)
Magical Staves
 R - an uncursed staff of energy
Jewellery
 v - a +6 ring of dexterity (left hand)
 y - an uncursed ring of see invisible
 B - an uncursed ring of flight
 S - a +6 ring of strength (right hand)
 U - a -6 ring of strength
 X - a +3 ring of slaying
Wands
 f - a wand of polymorph (19)
 M - a wand of digging (3)
 P - a wand of enslavement (11)
 T - a wand of flame (29)
Scrolls
 d - 2 scrolls of random uselessness
 i - 7 scrolls of remove curse
 l - 2 scrolls of identify
 n - 2 scrolls of fear
 o - 5 scrolls of teleportation
 p - a scroll of enchant weapon
 w - 3 scrolls of amnesia
 x - a scroll of magic mapping
 I - 2 scrolls of fog
 K - a scroll of immolation
 L - 4 scrolls of enchant armour
Potions
 b - 2 potions of might
 g - 2 potions of heal wounds
 s - 6 potions of flight
 t - 2 potions of agility
 u - 7 potions of haste
 z - 7 potions of curing
 A - 2 potions of invisibility
 C - a potion of mutation
 D - 3 potions of resistance
 E - 4 potions of brilliance
 F - 2 potions of ambrosia
 H - 2 potions of cancellation
 J - a potion of lignification
Comestibles
 c - 23 rations
 W - 8 chunks of flesh


   Skills:
 * Level 4.5 Fighting
 * Level 9.0 Dodging
 - Level 2.5 Stealth
 * Level 10.7 Shields
 + Level 10.9 Unarmed Combat
 + Level 4.8 Spellcasting
 - Level 2.4 Hexes
 * Level 4.4 Transmutations
 * Level 0.5 Ice Magic
 - Level 3.3 Invocations
 + Level 0.1 Evocations


You had 15 spell levels left.
You knew the following spells:

 Your Spells              Type           Power        Failure   Level  Hunger
b - Confusing Touch       Hex            ###...       4%          1    None
c - Ice Form              Ice/Tmut       ###.....     41%         4    ###....

Your spell library contained the following spells:

 Spells                   Type           Power        Failure   Level  Hunger
 Bolt of Magma            Conj/Fire/Erth #.........   97%         5    #####..
 Confuse                  Hex            ###.....     13%         3    #......
 Venom Bolt               Conj/Pois      #.........   97%         5    #####..
 Iron Shot                Conj/Erth      #.........   100%        6    ######.
 Spider Form              Tmut/Pois      ###.......   14%         3    #......
 Blade Hands              Tmut           ####......   47%         5    #####..
 Sticks to Snakes         Tmut           ####....     3%          2    None
 Metabolic Englaciation   Hex/Ice        ###.......   87%         5    #####..
 Petrify                  Tmut/Erth      ###.....     43%         4    ###....
 Orb of Destruction       Conj           #.........   100%        7    #######
 Beastly Appendage        Tmut           ####..       1%          1    None
 Iskenderun's Battlesphe  Conj/Chrm      #.......     97%         5    #####..
 Spellforged Servitor     Conj/Summ      #.........   100%        7    #######
 Gell's Gravitas          Tloc           #.........   34%         3    #......
 Yara's Violent Unravell  Hex/Tmut       ####......   63%         5    #####..


Dungeon Overview and Level Annotations

Branches:
Dungeon (12/15)            Temple (1/1) D:4            Lair (2/6) D:9
    Orc (1/2) D:9
  Swamp: Lair:2-4    Shoals: Lair:2-4     Snake: Lair:2-4    Spider: Lair:2-4

Altars:
Ashenzari
Cheibriados
Dithmenos
Elyvilon
Fedhas
Gozag
Hepliaklqana
Kikubaaqudgha
Makhleb
Nemelex Xobeh
Okawaru
Qazlal
Ru
Sif Muna
Trog
Uskayaw
Vehumet
Wu Jian
Xom
Yredelemnul
Zin
The Shining One
Beogh

Shops:
D:5 *


Innate Abilities, Weirdness & Mutations

You can breathe blasts of fire.
Your fiery red scales are hard. (AC +8)
You cannot fit into any form of body armour.
Your flesh is heat resistant. (rF+)
You are cold-blooded and may be slowed by cold attacks.


Message History

The orc knight wields an arbalest.
The orc knight shoots a bolt.
You block the bolt.
The orc knight is engulfed in blazing flames.
The orc knight hits you with a war axe!
* * * LOW HITPOINT WARNING * * *
You see here a bolt.
Press: ? - help, Shift-Dir - straight line, f - orc knight, p - orc knight
Aim: an orc knight, wielding a great mace and wearing a plate armour (almost dead, unusually strong, fleeing, inner flame)
You breathe a blast of fire.
The fiery breath hits the orc knight.
The orc knight appears unharmed.
The fiery breath hits the orc knight.
The orc knight is lightly wounded.
You are feeling hungry.
The orc warlord seems to regain its courage.
The orc warrior no longer looks unusually strong.
The orc knight no longer looks unusually strong.
Cornered, the orc warrior turns to fight!
An orc warrior comes into view. It is wielding a trident.
The orc knight is engulfed in blazing flames.
The orc knight hits you with a war axe!!!
You die...

#..##.............###
....#..#.........##.##
............#....#...#
._...................#
....##..............##
.....###.....#.###...#
................##..##
#..............§########
...............#@§oo..o#
#.###..##.#...#.o#oooo.#
### #...##.......#


Tooo# #.....##..o...# ooo# #..#.##.......# oo# ....#..$......# ## ##...
...##....# ###. ..o ##...# ..# You could see an orc warlord (inner flame), 8 orc
knights, a troll (inner flame), 7 orc warriors, an orc priest (inner flame) and
an orc (inner flame).

Vanquished Creatures
  A hydra (Lair:1)
  A two-headed ogre (D:8)
  Nergalle (D:10)
  An ugly thing (D:12)
  An oklob plant (Lair:1)
  3 elephants (Lair:1)
  2 black mambas (Lair:1)
  2 spiny frogs (Lair:1)
  2 komodo dragons
  2 trolls (D:10)
  A hippogriff (Lair:1)
  A shadow (D:11)
  Sigmund (D:2)
  A wraith (D:11)
  A wyvern (D:11)
  14 yaks
  A human (D:7)
  4 hogs (D:7)
  Edmund (D:4)
  3 water moccasins (Lair:1)
  2 porcupines (Lair:1)
  An ice beast (D:10)
  2 sky beasts
  A hornet zombie (Ossuary)
  2 necrophages
  3 ogres
  3 phantoms
  5 centaurs
  A big kobold (Sewer)
  10 bullfrogs
  A water moccasin zombie (Ossuary)
  A gnoll sergeant (D:9)
  A wyvern skeleton (D:7)
  3 scorpions
  11 killer bees
  6 howler monkeys
  7 wights
  5 crimson imps
  4 bullfrog zombies
  2 centaur zombies
  6 hounds
  4 orc priests
  4 jellies
  8 orc wizards
  4 bullfrog skeletons
  4 centaur skeletons
  Jessica (D:8)
  12 mummies (Ossuary)
  Terence (D:3)
  Natasha (thrice) (D:4)
  3 iguanas
  12 worker ants
  A killer bee zombie (D:8)
  A hound zombie (D:7)
  2 howler monkey zombies
  10 gnolls
  A howler monkey skeleton (D:6)
  9 adders
  3 river rats (Sewer)
  2 shadow imps
  An ooze (D:3)
  6 adder zombies (Ossuary)
  3 adder skeletons
  11 leopard geckos
  25 orcs
  10 giant cockroaches
  13 goblins
  12 hobgoblins
  24 jackals
  6 quokkas
  11 bats
  3 frilled lizards
  A giant cockroach zombie (Ossuary)
  A jackal zombie (Ossuary)
  9 kobolds
  A leopard gecko skeleton (D:9)
  3 leopard gecko zombies
  A quokka skeleton (D:4)
  4 quokka zombies
  10 rats
361 creatures vanquished.

Vanquished Creatures (others)
  31 plants (D:9)
  A withered plant (Ossuary)
32 creatures vanquished.

Grand Total: 393 creatures vanquished

Notes
Turn   | Place    | Note
-------+----------+-------------------------------------------
     0 | D:1      | emperorscorpion the Draconian Fighter began the quest for the Orb.
     0 | D:1      | Reached XP level 1. HP: 19/19 MP: 1/1
   238 | D:1      | Reached XP level 2. HP: 25/26 MP: 2/2
   750 | D:1      | Reached XP level 3. HP: 32/33 MP: 3/3
   942 | D:2      | Noticed Sigmund
  1057 | D:3      | Found an ornate altar of the Wu Jian Council.
  1075 | D:3      | Found a faded altar of an unknown god.
  1409 | D:3      | You fall through a shaft!
  1415 | D:4      | Noticed Edmund
  1430 | D:4      | Noticed a phantom
  1503 | D:4      | Reached XP level 4. HP: 6/40 MP: 4/4
  1504 | D:4      | Killed a phantom
  1504 | D:4      | Reached XP level 5. HP: 7/46 MP: 5/5
  1508 | D:4      | Found a staircase to the Ecumenical Temple.
  1508 | D:4      | Noticed Natasha
  1706 | D:4      | Noticed an ogre
  1751 | D:5      | Entered Level 5 of the Dungeon
  1977 | D:5      | Found a glowing golden altar of the Shining One.
  2025 | D:5      | Found a blossoming altar of Fedhas.
  2128 | D:4      | Reached XP level 6. HP: 52/52 MP: 6/6
  2925 | D:4      | Reached skill level 1 in Stealth
  2925 | D:4      | Reached skill level 5 in Unarmed Combat
  2930 | D:4      | Killed Natasha
  2930 | D:4      | Your scales start taking on a fiery red colour.
  2930 | D:4      | Reached XP level 7. HP: 38/59 MP: 7/7
  2930 | D:4      | Gained mutation: Your flesh is heat resistant. (rF+) [Red Draconian growth]
  3060 | Temple   | Entered the Ecumenical Temple
  3525 | D:4      | Noticed Natasha
  3534 | D:4      | Killed Natasha
  3720 | D:3      | Found a snail-covered altar of Cheibriados.
  3903 | D:3      | Became a worshipper of Cheibriados the Contemplative
  3986 | D:3      | Noticed Terence
  3992 | D:3      | Killed Terence
  4140 | D:2      | Killed Sigmund
  4674 | D:4      | Reached * piety under Cheibriados
  4783 | D:4      | Noticed Natasha
  4794 | D:4      | Killed Natasha
  4819 | D:4      | Killed Edmund
  4819 | D:4      | Reached skill level 5 in Dodging
  4819 | D:4      | Reached XP level 8. HP: 53/66 MP: 8/8
  5331 | D:5      | Found Zin's Purification Station.
  5338 | D:5      | Found a glowing silver altar of Zin.
  5367 | D:5      | Learned a level 1 spell: Confusing Touch
  5484 | D:5      | Reached skill level 5 in Shields
  5607 | D:5      | Found a white marble altar of Elyvilon.
  5634 | D:5      | Found an iron altar of Okawaru.
  5696 | D:5      | Reached ** piety under Cheibriados
  6110 | D:6      | Found a glowing drain.
  6140 | Sewer    | Entered a sewer
  6222 | Sewer    | Reached skill level 1 in Spellcasting
  6241 | Sewer    | Found a white marble altar of Elyvilon.
  6437 | D:6      | Reached skill level 1 in Hexes
  6444 | D:6      | Reached *** piety under Cheibriados
  6762 | D:6      | Reached XP level 9. HP: 71/71 MP: 11/11
  7068 | D:6      | You fall through a shaft for 2 floors!
  7068 | D:8      | Found a sacrificial altar of Ru.
  7111 | D:8      | Noticed a two-headed ogre
  7123 | D:8      | Killed a two-headed ogre
  7462 | D:7      | Reached **** piety under Cheibriados
  7468 | D:7      | Found a sand-covered staircase.
  7474 | Ossuary  | Entered an ossuary
  8474 | D:7      | Reached ***** piety under Cheibriados
  8536 | D:7      | Reached XP level 10. HP: 79/79 MP: 14/14
  9578 | D:8      | Noticed Jessica
  9582 | D:8      | Killed Jessica
  9589 | D:8      | Found a deep blue altar of Sif Muna.
  9763 | D:9      | Found a staircase to the Orcish Mines.
 10299 | D:9      | Learned a level 4 spell: Ice Form
 10614 | D:9      | Reached ****** piety under Cheibriados
 10734 | D:9      | Found a staircase to the Lair.
 10789 | D:9      | Reached skill level 1 in Transmutations
 10830 | D:10     | Entered Level 10 of the Dungeon
 10942 | D:10     | Noticed Psyche
 10948 | D:10     | Noticed Psyche
 10948 | D:10     | Psyche changed into Psyche the scorpion
 10953 | D:10     | Killed Psyche the scorpion
 10953 | D:10     | Reached skill level 10 in Unarmed Combat
 11141 | D:10     | Reached XP level 11. HP: 84/84 MP: 15/17
 11260 | D:10     | Found a basalt altar of Yredelemnul.
 11598 | D:11     | Noticed Nergalle
 11627 | D:10     | Killed Nergalle
 11627 | D:10     | Reached skill level 1 in Invocations
 11944 | D:11     | Got a bloodstained hunting sling
 11945 | D:11     | Identified the +5 hunting sling of Biumoime {flame, rF++ Str-5 Int+3} (You found it on level 11 of the Dungeon)
 12532 | D:12     | Noticed a green ugly thing
 12551 | D:12     | Killed a green ugly thing
 12872 | Lair:1   | Entered Level 1 of the Lair of Beasts
 12890 | Lair:1   | Noticed an oklob plant
 12903 | Lair:1   | Killed an oklob plant
 12903 | Lair:1   | Reached skill level 10 in Shields
 12907 | Lair:1   | Noticed a six-headed hydra
 12935 | Lair:1   | Killed a six-headed hydra
 14061 | Lair:1   | Reached XP level 12. HP: 74/92 MP: 14/19
 14451 | Lair:2   | Noticed a seven-headed hydra
 14833 | Orc:1    | Entered Level 1 of the Orcish Mines
 14860 | Orc:1    | Found a roughly hewn altar of Beogh.
 14921 | Orc:1    | Noticed an orc warlord
 14934 | Orc:1    | Demolished by an orc knight

Vault maps used:
D:1:      dpeg_arrival_lava_temple_mockup
D:2:      first_ration, uniq_sigmund
D:3:      nicolae_overflow_crystal_walls, old_standard_altar,
          chequers_ecumenical_altar_simple, uniq_terence
D:4:      minmay_temple_entry_junction, kennysheep_generic_room_11,
          uniq_natasha, uniq_edmund
D:5:      corexii_shack_village, lemuel_crystal_altar, fedhas_altar_1,
          zin_purify, tso_metal_star, marbit_many_paths, minmay_misc_feat_x,
          hangedman_decor_peaks_small
D:6:      portal_sewer_entry_f, grunt_ministairs_9
D:7:      nicolae_ossuary_entry_plus, grunt_livestock
D:8:      nicolae_ru_great_annihilating_truth, tgw_sif
D:9:      david_lair_shrubbed, orc_0_dummy
D:10:     serial_curves, eino_curves_03, eino_curves_01,
          yredelemnul_altar_generic, uniq_psyche
D:11:     uniq_nergalle
Temple:   minmay_temple_curvy_branch
Lair:1:   lab_entry_generic, serial_bayou_pond_b,
          nicolae_lair_grove_arrangements, serial_bayou_pond_e,
          minmay_lair_oklob_chamber
Lair:2:   guppyfry_snake_entry_island, uniq_fannar
Orc:1:    basic_altar, special_room, gammafunk_ghost_fury_of_okawaru,
          uniq_maurice
Sewer:    sewer_kobolds
Ossuary:  ossuary_zaba_flooded

Skill      XL: |  1  2  3  4  5  6  7  8  9 10 11 12 |
---------------+-------------------------------------+-----
Dodging        | 3 4 5 6 7 8 9 |  9.0
Unarmed Combat | 3 4 5 6 7 8 10 | 10.9
Shields        | 4 5 7 9 10 | 10.7
Fighting       | 4 |  4.5
Stealth        | 1 2 |  2.5
Spellcasting   | 1 3 4 |  4.8
Hexes          | 1 2 |  2.4
Transmutations | 2 4 |  4.4
Invocations    | 3 |  3.3
Ice Magic      | |  0.5
Evocations     | |  0.1

Action                   |  1- 3 |  4- 6 |  7- 9 | 10-12 || total
-------------------------+-------+-------+-------+-------++-------
Melee: Unarmed           |   194 |    78 |   446 |   489 ||  1207
       Tailslap          |    20 |     9 |    78 |   160 ||   267
 Fire: Hand crossbow     |       |       |       |     6 ||     6
Throw: Stone             |       |     3 |     4 |       ||     7
       Tomahawk          |       |       |       |    16 ||    16
 Cast: Confusing Touch   |       |       |     1 |    65 ||    66
Invok: Bend Time         |       |       |       |     1 ||     1
 Abil: Breathe Fire      |       |       |    47 |    44 ||    91
Evoke: Wand              |       |       |     1 |    10 ||    11
  Use: Potion            |     2 |     1 |     1 |     1 ||     5
       Scroll            |       |     2 |     8 |    19 ||    29
 Stab: Sleeping          |     1 |     1 |    10 |     4 ||    16
       Distracted        |       |       |     2 |     2 ||     4
       Invisible         |       |       |     1 |       ||     1
       Paralysed         |       |       |     1 |       ||     1
       Confused          |       |       |       |    44 ||    44
  Eat: Chunk             |     2 |     3 |    19 |    20 ||    44
       Ration            |       |     1 |       |       ||     1
Armor: Skin              |    80 |    10 |    71 |    51 ||   212
Dodge: Dodged            |    70 |    32 |   153 |   263 ||   518
Block: Shield            |    95 |    30 |   204 |   397 ||   726

Table legend:
 A = Spawn XP
 B = Non-spawn XP
 C = Spawn XP percentage of total XP
 D = Spawn monster count
 E = Non-spawn monster count
 F = Spawn count percentage of total count
 G = Total turns spent on level
                    A         B        C        D         E        F      G
               +---------+---------+-------+---------+---------+-------+---------
         Total |       0 |   22988 |   0.0 |       0 |     361 |   0.0 | 14934
               +---------+---------+-------+---------+---------+-------+---------
           D:1 |       0 |      47 |   0.0 |       0 |      28 |   0.0 |   985
           D:2 |       0 |     254 |   0.0 |       0 |      14 |   0.0 |   516
           D:3 |       0 |      70 |   0.0 |       0 |      17 |   0.0 |   944
           D:4 |       0 |    1147 |   0.0 |       0 |      30 |   0.0 |  1964
           D:5 |       0 |     717 |   0.0 |       0 |      31 |   0.0 |  1482
           D:6 |       0 |     663 |   0.0 |       0 |      33 |   0.0 |  1041
           D:7 |       0 |    1915 |   0.0 |       0 |      30 |   0.0 |  1352
           D:8 |       0 |    1771 |   0.0 |       0 |      27 |   0.0 |   721
           D:9 |       0 |    1436 |   0.0 |       0 |      31 |   0.0 |  1176
          D:10 |       0 |    4849 |   0.0 |       0 |      35 |   0.0 |   845
          D:11 |       0 |    1546 |   0.0 |       0 |      13 |   0.0 |   879
          D:12 |       0 |     661 |   0.0 |       0 |       2 |   0.0 |   283
        Lair:1 |       0 |    6962 |   0.0 |       0 |      22 |   0.0 |  1863
         Orc:1 |       0 |      50 |   0.0 |       0 |       6 |   0.0 |   101
         Sewer |       0 |     142 |   0.0 |       0 |      10 |   0.0 |   145
       Ossuary |       0 |     758 |   0.0 |       0 |      32 |   0.0 |   384
               +---------+---------+-------+---------+---------+-------+---------
